 Dungeon Crawl Stone Soup version 0.21.1-1-g345015f (console) character file.

109 fly the Poker (level 4, 0/48 HPs)
             Began as an Ogre Fighter on May 23, 2018.
             Slain by an adder (1 damage)
             ... on level 2 of the Dungeon.
             The game lasted 00:03:00 (1425 turns).

fly the Poker (Ogre Fighter)                        Turns: 1425, Time: 00:03:00

Health: 0/48       AC:  3    Str: 17 (20) XL:     4   Next: 89%
Magic:  4/4        EV:  8    Int:  8 (9)  God:
Gold:   70         SH:  8    Dex:  8 (9)  Spells: 3/3 levels left

rFire    . . .     SeeInvis .   b - +2 whip (elec)
rCold    . . .     Gourm    .   v - +0 shield
rNeg     . . .     Faith    .   y - +0 robe
rPois    +         Spirit   .   (helmet restricted)
rElec    .         Reflect  .   (no cloak)
rCorr    .         Harm     .   (gloves unavailable)
MR       .....                  (boots unavailable)
Stlth    +.........             (no amulet)
HPRegen  0.16/turn              o - ring of poison resistance
MPRegen  0.09/turn              (no ring)

@: lethally poisoned (0 -> -5)
A: large, unfitting armour, tough skin 1
a: no special abilities


You were on level 2 of the Dungeon.
You were very hungry.

You visited 1 branch of the dungeon, and saw 2 of its levels.

You collected 70 gold pieces.

Inventory:

Hand Weapons
 a - a +0 trident
 b - a +2 whip of electrocution (weapon)
Armour
 v - a +0 shield (worn)
 y - a +0 robe (worn)
Jewellery
 o - a ring of poison resistance (left hand)
Scrolls
 c - 2 scrolls of enchant weapon {unknown}
 e - 2 scrolls of remove curse {unknown}
 i - 2 scrolls of identify {unknown}
 j - a scroll of teleportation {unknown}
 k - a scroll of blinking {unknown}
 l - a scroll of noise {unknown}
 m - a scroll of magic mapping {unknown}
Potions
 d - a potion of might
 g - a potion of degeneration
 h - a potion of heal wounds {unknown}
 n - a potion of magic {unknown}
Comestibles
 f - 6 rations


   Skills:
 - Level 4.0 Fighting
 + Level 4.5 Polearms
 - Level 3.0 Dodging
 - Level 3.0 Shields


You had 3 spell levels left.
You didn't know any spells.

Dungeon Overview and Level Annotations

Branches:
Dungeon (2/15)

Altars:


Innate Abilities, Weirdness & Mutations

You are too large for most types of armour.
You have tough skin. (AC +1)


Message History

* * * LOW HITPOINT WARNING * * *
You are lethally poisoned!
The adder poisons you! The adder bites you but does no damage.
You barely miss the adder.
* * * LOW HITPOINT WARNING * * *
You feel sick. The adder bites you.
* * * LOW HITPOINT WARNING * * *
You miss the adder.
* * * LOW HITPOINT WARNING * * *
You feel sick. The adder barely misses you. The adder bites you.
* * * LOW HITPOINT WARNING * * *
You closely miss the adder.
* * * LOW HITPOINT WARNING * * *
You feel sick. The adder completely misses you.
Unknown command.
It was a potion of degeneration.
There was something very wrong with that liquid.
You feel weakened.
You feel dopey.
You feel clumsy. The adder bites you.
You die...

...# #......... ...# #.........
...#####################.........
.......................†.>.......
...#####################.........
...# #......# #......... ...####
#......#### #......... ........
+......'..# ##.#.##### ...#####
#...S@.##.####.#.##### ####
#...........##.#......
#...........##.#.##.##
#...........##.#.##.##
#...........##.#......
#...)..###..##.####... ########
##.##.# #### #..#.#
########.#.######


You could see an adder.

Vanquished Creatures
  4 adders (D:2)
  2 oozes
  A worm (D:2)
  2 leopard geckos (D:2)
  7 giant cockroaches
  8 hobgoblins
  2 quokkas (D:2)
  6 bats
  5 frilled lizards
  8 goblins
  7 kobolds
  7 rats
59 creatures vanquished.

Notes
Turn   | Place    | Note
-------+----------+-------------------------------------------
     0 | D:1      | fly the Ogre Fighter began the quest for the Orb.
     0 | D:1      | Reached XP level 1. HP: 24/24 MP: 1/1
   156 | D:1      | Reached XP level 2. HP: 29/32 MP: 2/2
   367 | D:1      | Reached XP level 3. HP: 29/39 MP: 3/3
   854 | D:2      | Reached XP level 4. HP: 43/48 MP: 4/4
  1423 | D:2      | HP: 2/48 [adder (3)]
  1425 | D:2      | Slain by an adder

Skill      XL: |  1  2  3  4 |
---------------+-------------+-----
Dodging        | 3 |  3.0
Shields        | 3 |  3.0
Polearms       | 3 4 |  4.5
Fighting       | |  4.0

Action                   |  1- 3 |  4- 6 || total
-------------------------+-------+-------++-------
Melee: Trident           |   129 |       ||   129
       Whip              |       |    58 ||    58
  Use: Potion            |       |     1 ||     1
 Stab: Sleeping          |     2 |       ||     2
  Eat: Chunk             |       |     1 ||     1
Armor: Robe              |    39 |    14 ||    53
Dodge: Dodged            |    50 |    20 ||    70
Block: Shield            |    49 |    21 ||    70
